 Dungeon Crawl Stone Soup version 0.22-a0-439-gac93bac (webtiles) character file.

32465 iamserjio the Arsonist (level 13, -18/89 HPs)
             Began as an Octopode Wizard on May 29, 2018.
             Was an Elder of Vehumet.
             Demolished by a komodo dragon (25 damage)
             ... on level 5 of the Lair of Beasts.
             The game lasted 01:25:55 (29925 turns).

iamserjio the Arsonist (Octopode Wizard)           Turns: 29925, Time: 01:25:56

Health: -18/89     AC:  3    Str:  6    XL:     13   Next: 64%
Magic:  25/34      EV: 20    Int: 26    God:    Vehumet [****..]
Gold:   983        SH:  7    Dex: 18    Spells: 10/29 levels left

rFire    . . .     SeeInvis .   f - +5 spear (venom)
rCold    . . .     Gourm    .   O - +2 buckler
rNeg     + . .     Faith    +   a - +2 hat
rPois    .         Spirit   .   F - amulet "Joirashre" {Faith rN+ Int+2 Slay+2}
rElec    .         Reflect  .   k - ring of magical power
rCorr    .         Harm     .   l - ring of protection from magic
MR       +....                  L - +2 ring of dexterity
Stlth    +++++.....             D - +4 ring of dexterity
HPRegen  0.24/turn              m - ring of wizardry
MPRegen  0.24/turn              (no ring)
                                (no ring)
                                (no ring)

@: very slightly contaminated
A: almost no armour, stealthy swim, amphibious, 8 rings, constrict 8, camouflage
1, gelatinous body 1
a: Renounce Religion


You were on level 5 of the Lair of Beasts.
You worshipped Vehumet.
Vehumet was greatly pleased with you.
You were hungry.

You visited 3 branches of the dungeon, and saw 18 of its levels.
You also visited: Labyrinth, Sewer, Ossuary and Volcano.

You collected 1073 gold pieces.
You spent 90 gold pieces at shops.

Inventory:

Hand Weapons
 f - a +5 spear of venom (weapon)
 n - a +2 whip of freezing
 J - a +1 scimitar of flaming
 M - a +4 rapier of speed
Armour
 a - a +2 hat (worn)
 O - a +2 buckler (worn)
Jewellery
 i - an uncursed ring of ice
 k - a ring of magical power (left tentacle)
 l - a ring of protection from magic (right tentacle)
 m - a ring of wizardry (on tentacle)
 D - a +4 ring of dexterity (on tentacle)
 F - the amulet "Joirashre" (around mantle) {Faith rN+ Int+2 Slay+2}
   (You found it on level 1 of the Lair of Beasts)

   [amulet of faith]

   It allows you to gain divine favour quickly.
   It affects your intelligence (+2).
   It affects your accuracy and damage with ranged weapons and melee attacks
   (+2).
   It protects you from negative energy.
 L - a +2 ring of dexterity (on tentacle)
Wands
 y - a wand of digging (12)
 E - a wand of enslavement (14)
 G - a wand of polymorph (37)
Scrolls
 b - 3 scrolls of enchant weapon
 o - 3 scrolls of remove curse
 p - a scroll of blinking
 q - 4 scrolls of immolation
 s - 5 scrolls of amnesia
 u - a scroll of fog
 z - 3 scrolls of teleportation
 H - a scroll of acquirement {unknown}
 K - a scroll of identify
 N - 3 scrolls of fear
Potions
 d - a potion of heal wounds
 g - 5 potions of curing
 h - 5 potions of ambrosia
 j - 7 potions of flight
 r - 2 potions of resistance
 t - 4 potions of cancellation
 v - 2 potions of agility
 w - 3 potions of berserk rage
 A - 3 potions of mutation
 C - a potion of brilliance
 I - 2 potions of might
Miscellaneous
 e - a phial of floods (inert)
 B - a crystal ball of energy
Comestibles
 c - 21 rations


   Skills:
 + Level 8.6 Fighting
 + Level 9.6 Dodging
 - Level 8.0 Stealth
 * Level 1.7 Shields
 + Level 8.8 Spellcasting
 + Level 10.6 Conjurations
   Level 1.0 Summonings
 - Level 1.0 Translocations
 - Level 11.5 Fire Magic
 * Level 3.6 Earth Magic


You had 10 spell levels left.
You knew the following spells:

 Your Spells              Type           Power        Failure   Level  Hunger
a - Magic Dart            Conj           ####         1%          1    None
b - Conjure Flame         Conj/Fire      ######..     1%          3    None
c - Mephitic Cloud        Conj/Pois/Air  ####....     1%          3    None
d - Blink                 Tloc           N/A          2%          2    None
e - Stone Arrow           Conj/Erth      #####.       1%          3    None
f - Ignite Poison         Fire/Tmut/Pois ####....     1%          3    None
g - Throw Icicle          Conj/Ice       #####...     1%          4    ##.....

Your spell library contained the following spells:

 Spells                   Type           Power        Failure   Level  Hunger
 Slow                     Hex            ##......     4%          2    None
 Confuse                  Hex            ##......     9%          3    None
 Throw Frost              Conj/Ice       #####.       1%          2    None
 Animate Dead             Necr           N/A          26%         4    ##.....
 Freeze                   Ice            ##..         1%          1    None
 Summon Ice Beast         Ice/Summ       ##......     22%         4    ##.....
 Ozocubu's Armour         Chrm/Ice       ##......     9%          3    None
 Call Imp                 Summ           ###.....     2%          2    None
 Recall                   Summ/Tloc      N/A          6%          3    None
 Death Channel            Necr           ##........   98%         6    ######.
 Simulacrum               Ice/Necr       ##........   98%         6    ######.
 Discord                  Hex            ##........   100%        8    #######
 Yara's Violent Unravell  Hex/Tmut       ##........   19%         5    ####...
 Borgnjor's Vile Clutch   Necr/Erth      ###.......   32%         5    ####...


Dungeon Overview and Level Annotations

Branches:
Dungeon (11/15)            Temple (1/1) D:7            Lair (6/6) D:8
  Swamp (0/4) Lair:3       Spider (0/4) Lair:4        Slime (0/5) Lair:5
    Orc: D:9-12

Altars:
Ashenzari
Dithmenos
Fedhas
Gozag
Hepliaklqana
Kikubaaqudgha
Makhleb
Ru
Vehumet
Xom
Yredelemnul
Zin
The Shining One
Jiyva


Innate Abilities, Weirdness & Mutations

You cannot wear most types of armour.
You are very stealthy in the water. (Stealth+)
You are amphibious.
You can wear up to eight rings at the same time.
You can use your tentacles to constrict eight enemies at once.
Your skin changes colour to match your surroundings (Stealth+).
Your rubbery body absorbs attacks. (AC +1, EV +1)


Message History

Casting: Blink (safe; 2% risk of failure)
Confirm with . or Enter, or press ? or * to list all spells.
You blink.
The catoblepas breathes a plume of calcifying dust at you.
The blast of calcifying dust hits you!
As you read the scroll of teleportation, it crumbles to dust.
You feel strangely unstable.
You are feeling hungry.
The catoblepas gores you!!
* * * LOW HITPOINT WARNING * * *
The wolf is engulfed in calcifying dust.
The wolf is moving more slowly.
The komodo dragon bites something!!
Blink to where?
Press: ? - help, Dir - move target cursor You are very lightly contaminated with residual magic.
As you read the scroll of blinking, it crumbles to dust.
Your surroundings suddenly seem different.
The komodo dragon bites you!!
You die...

### # #P## #
#######.P## #####
###P#...#...###....
#..................
#......h>Y.........
##...##.###.#....P##
#PlY########.#....##
##.@#####...#.....##
#Yh§##.......+....#.
#§§P##.....(......##
##§P.#.#.####P...###
#.§..###..##PP...##.
#......P.PPPP....###
#..........P.......#
##...............#..
#...................


You could see a catoblepas, an elephant, a komodo dragon and a wolf
(petrifying).

Vanquished Creatures
  A minotaur (Lab)
  4 hydras
  Erica (Lair:1)
  6 two-headed ogres
  A centaur warrior (D:9)
  Pikel (D:8)
  A lindwurm (Lair:3)
  3 elephants
  Joseph (D:8)
  5 black mambas
  15 spiny frogs
  A minotaur zombie (Lab)
  7 komodo dragons
  2 trolls
  A polar bear (Lair:4)
  7 blink frogs (Lair:1)
  A hornet (D:10)
  8 hippogriffs
  A spriggan (D:10)
  A redback (Lair:4)
  2 wyverns (D:8)
  A vampire (D:10)
  A basilisk (Lair:2)
  13 yaks
  5 water moccasins
  9 porcupines
  2 sky beasts
  A slave (D:8)
  An eye of draining (D:8)
  2 orc warriors (D:6)
  A black bear (D:6)
  4 ice beasts
  A phantom (D:6)
  2 ogres (D:4)
  11 wolves
  8 centaurs
  6 crocodiles
  A big kobold (D:9)
  An elf zombie (Ossuary)
  13 bullfrogs
  A wyvern zombie (D:10)
  A wyvern skeleton (D:11)
  2 scorpions
  6 killer bees
  A howler monkey (D:10)
  An electric eel (Lair:3)
  A centaur zombie (Ossuary)
  2 crimson imps
  2 bullfrog zombies
  3 hounds
  3 orc priests
  2 jellies (Lair:5)
  2 bullfrog skeletons
  An iguana (D:6)
  4 orc wizards
  2 merfolk sirens (Sewer)
  5 worker ants
  A merfolk avatar (Sewer)
  4 big kobold zombies (Ossuary)
  A hound zombie (D:9)
  A hound skeleton (D:11)
  3 mummies
  Robin (D:2)
  A howler monkey skeleton (D:6)
  3 gnolls (D:3)
  2 river rats (Sewer)
  14 adders
  3 shadow imps
  2 oozes
  2 adder zombies
  An adder skeleton (D:4)
  8 worms
  3 dart slugs (D:1)
  6 leopard geckos
  19 orcs
  7 giant cockroaches
  2 gnoll zombies (D:9)
  10 goblins
  14 hobgoblins
  9 jackals
  5 quokkas
  5 ball pythons
  8 bats
  9 frilled lizards
  A goblin zombie (D:6)
  8 hobgoblin zombies
  A jackal skeleton (D:7)
  4 jackal zombies (Ossuary)
  13 kobolds
  9 kobold zombies (Ossuary)
  9 orc zombies (Ossuary)
  A quokka skeleton (D:5)
  32 rats
  A rat zombie (Ossuary)
  A plant (Lair:6)
416 creatures vanquished.

Vanquished Creatures (others)
  16 fungi
  4 plants
20 creatures vanquished.

Grand Total: 436 creatures vanquished

Notes
Turn   | Place    | Note
-------+----------+-------------------------------------------
     0 | D:1      | iamserjio the Octopode Wizard began the quest for the Orb.
     0 | D:1      | Reached XP level 1. HP: 11/11 MP: 4/4
   473 | D:1      | Reached XP level 2. HP: 17/17 MP: 1/6
   948 | D:1      | Reached XP level 3. HP: 21/21 MP: 3/7
  1109 | D:1      | Learned a level 3 spell: Conjure Flame
  1113 | D:1      | Learned a level 3 spell: Mephitic Cloud
  1727 | D:2      | Found Zin's Purification Station.
  1727 | D:2      | Found a glowing silver altar of Zin.
  1776 | D:2      | Bought a potion of curing for 90 gold pieces
  1886 | D:2      | Reached skill level 1 in Fire Magic
  1886 | D:2      | Reached XP level 4. HP: 27/27 MP: 2/9
  2508 | D:2      | Learned a level 2 spell: Blink
  2534 | D:3      | Noticed Robin
  3047 | D:2      | Killed Robin
  3047 | D:2      | Reached XP level 5. HP: 14/31 MP: 1/10
  3381 | D:3      | Reached skill level 2 in Fire Magic
  4949 | D:4      | Reached XP level 6. HP: 36/36 MP: 11/11
  4973 | D:4      | Reached skill level 3 in Fire Magic
  5192 | D:4      | Found a sacrificial altar of Ru.
  5394 | D:4      | Reached XP level 7. HP: 28/41 MP: 13/13
  5510 | D:4      | Found a shadowy altar of Dithmenos.
  5738 | D:5      | Entered Level 5 of the Dungeon
  5853 | D:5      | Found a glowing drain.
  5865 | Sewer    | Entered a sewer
  6355 | Sewer    | Reached skill level 4 in Fire Magic
  7083 | D:5      | Reached skill level 5 in Conjurations
  7083 | D:5      | Reached XP level 8. HP: 39/46 MP: 14/14
  7131 | D:5      | Found a glowing golden altar of the Shining One.
  7557 | D:6      | Found a shimmering altar of Xom.
  7650 | D:6      | Found a sand-covered staircase.
  7659 | D:6      | Found a blossoming altar of Fedhas.
  7694 | Ossuary  | Entered an ossuary
  7981 | Ossuary  | Reached skill level 5 in Stealth
  8153 | Ossuary  | Reached skill level 5 in Fire Magic
  8571 | D:6      | Found a shimmering altar of Xom.
  8577 | D:6      | Found a burning altar of Makhleb.
  8578 | D:6      | Found a blossoming altar of Fedhas.
  8955 | D:6      | Reached XP level 9. HP: 49/51 MP: 6/16
  9219 | D:6      | Reached skill level 5 in Spellcasting
  9740 | D:7      | Reached skill level 6 in Fire Magic
  9782 | D:7      | Found a staircase to the Ecumenical Temple.
  9792 | Temple   | Entered the Ecumenical Temple
  9965 | Temple   | Became a worshipper of Vehumet
 10177 | D:6      | Reached skill level 1 in Fighting
 10264 | D:7      | Found a shattered altar of Ashenzari.
 10274 | D:7      | Reached skill level 5 in Dodging
 11504 | D:8      | Noticed Joseph
 11837 | D:8      | Found an ancient bone altar of Kikubaaqudgha.
 11873 | D:8      | Found a staircase to the Lair.
 12094 | D:8      | Killed Joseph
 12132 | D:8      | Noticed Pikel
 12157 | D:8      | Killed Pikel
 12157 | D:8      | Reached skill level 7 in Fire Magic
 12157 | D:8      | Reached XP level 10. HP: 43/63 MP: 12/18
 12445 | D:8      | Noticed a two-headed ogre
 12479 | D:8      | Killed a two-headed ogre
 13822 | D:9      | Noticed a two-headed ogre
 14066 | D:9      | Noticed a two-headed ogre
 14066 | D:9      | Noticed a centaur warrior
 14312 | D:9      | Killed a two-headed ogre
 14312 | D:9      | Reached skill level 5 in Fighting
 14312 | D:9      | Reached skill level 8 in Fire Magic
 14506 | D:9      | Killed a two-headed ogre
 14581 | D:9      | Reached XP level 11. HP: 72/72 MP: 20/20
 14908 | D:9      | Noticed a two-headed ogre
 14918 | D:9      | Killed a two-headed ogre
 15235 | D:9      | Found a basalt altar of Yredelemnul.
 15521 | D:9      | Killed a centaur warrior
 15522 | D:9      | Found an opulent altar of Gozag.
 15750 | D:9      | Noticed a two-headed ogre
 15779 | D:9      | Killed a two-headed ogre
 15779 | D:9      | Reached skill level 9 in Fire Magic
 15947 | D:10     | Entered Level 10 of the Dungeon
 16158 | D:10     | Reached * piety under Vehumet
 16158 | D:10     | Offered knowledge of Freeze by Vehumet.
 16364 | D:10     | Noticed a two-headed ogre
 16413 | D:10     | Killed a two-headed ogre
 18403 | D:11     | Noticed a skeletal warrior
 18403 | D:11     | Noticed a skeletal warrior
 18403 | D:11     | Noticed a skeletal warrior
 18815 | Lair:1   | Entered Level 1 of the Lair of Beasts
 18841 | Lair:1   | Got a smoking sapphire amulet
 18842 | Lair:1   | Identified the amulet "Joirashre" {Faith rN+ Int+2 Slay+2} (You found it on level 1 of the Lair of Beasts)
 19459 | Lair:1   | Noticed Erica
 19631 | Lair:1   | Reached skill level 10 in Fire Magic
 19650 | Lair:1   | Killed Erica
 19650 | Lair:1   | Reached XP level 12. HP: 71/80 MP: 13/23
 19700 | Lair:1   | Offered knowledge of Sandblast by Vehumet.
 19966 | Lair:1   | Reached ** piety under Vehumet
 21516 | Lair:3   | Found a dark tunnel.
 21607 | Volcano  | Entered a volcano
 21704 | Volcano  | Noticed a red draconian
 21821 | Lair:3   | Noticed a seven-headed hydra
 23216 | Lair:3   | Reached skill level 10 in Conjurations
 23692 | Lair:3   | Found a staircase to the Swamp.
 23715 | Lair:3   | Killed a seven-headed hydra
 23783 | Lair:3   | Noticed a four-headed hydra
 24512 | Lair:3   | Killed a four-headed hydra
 24966 | Lair:4   | Reached skill level 11 in Fire Magic
 24988 | Lair:4   | Offered knowledge of Stone Arrow by Vehumet.
 25002 | Lair:4   | Learned a level 3 spell: Stone Arrow
 25264 | Lair:4   | Noticed a four-headed hydra
 25273 | Lair:4   | Killed a four-headed hydra
 25273 | Lair:4   | Reached XP level 13. HP: 40/88 MP: 17/25
 25639 | Lair:4   | Found a hole to the Spider Nest.
 25789 | Lair:4   | Reached skill level 1 in Earth Magic
 25927 | Lair:4   | Reached *** piety under Vehumet
 27120 | Lair:5   | Offered knowledge of Ignite Poison by Vehumet.
 27231 | Lair:5   | Learned a level 3 spell: Ignite Poison
 27357 | Lair:5   | Found a runed door.
 27357 | Lair:5   | Found a viscous altar of Jiyva.
 27358 | Lair:5   | Found a staircase to the Slime Pits.
 27684 | Lair:6   | Entered Level 6 of the Lair of Beasts
 27897 | Lair:6   | Found a labyrinth entrance.
 27904 | Lab      | Entered a labyrinth
 28353 | Lab      | Noticed a minotaur
 28364 | Lab      | Killed a minotaur
 28368 | Lab      | Identified the Papyrus of the Oath and Dark Rituals
 29030 | Lair:5   | Reached **** piety under Vehumet
 29142 | Lair:5   | Reached skill level 1 in Shields
 29604 | Lair:5   | Offered knowledge of Airstrike by Vehumet.
 29846 | Lair:5   | Learned a level 4 spell: Throw Icicle
 29925 | Lair:5   | Demolished by a komodo dragon

Vault maps used:
D:1:      lemuel_arrival_room
D:2:      zin_purify
D:3:      uniq_robin
D:4:      nicolae_ru_awakened_eye, kennysheep_mini_moat, minmay_close_crescents
D:5:      marbit_many_paths, first_ration, cheibrodos_sewer_entry_sluice,
          kennysheep_generic_room_3
D:6:      gammafunk_temple_overflow_forgotten, nicolae_ossuary_entry_giza,
          basic_altar, st_stairs_14, minmay_misc_feat_five, fedhas_altar_1
D:7:      temple_hall, serial_bayou_lagoon_a, cheibrodos_ashenzari_chains
D:8:      kiku_gazebo_garden_becter, dpeg_oklobed_lair, uniq_pikel, uniq_joseph
D:9:      lemuel_zombie_altar_yredelemnul,
          nicolae_gozag_cash_rules_everything_around_me
D:10:     the_bakery, nicolae_two_hexagons
D:11:     minmay_door_square
Temple:   nicolae_temple_hex_pool
Lair:1:   minivault_25, st_stairs_8, uniq_erica
Lair:2:   serial_bayou_shore_b, infiniplex_staircase_pool_2
Lair:3:   minmay_swamp_entry_worms, nicolae_volcano_entry_vermiform,
          nicolae_quartered_pool_little, beast_lair_carwin_1
Lair:4:   spider_nest_entry_rubble
Lair:5:   slime_altar_2, serial_bayou_shore_b, grunt_megastairs_3,
          lemuel_fruit_fields
Lair:6:   cheibrodos_lair_end_hotspot, lab_entry_generic
Lab:      labyrinth_hidden_loot, nicolae_lab_diamond, lab_fountain,
          nicolae_lab_flowing_pool
Sewer:    sewer_sea
Ossuary:  ossuary_tomb_1
Volcano:  volcano_pools

Skill      XL: |  1  2  3  4  5  6  7  8  9 10 11 12 13 |
---------------+----------------------------------------+-----
Stealth        | 3 4 5 7 8 |  8.0
Conjurations   | 2 3 4 5 6 7 8 9 10 | 10.6
Fire Magic     | 1 2 3 4 5 7 8 10 11 | 11.5
Dodging        | 3 4 5 6 7 8 9 |  9.6
Spellcasting   | 4 5 6 7 8 |  8.8
Fighting       | 3 5 6 8 |  8.6
Earth Magic    | 3 |  3.6
Shields        | 1 |  1.7
Summonings     | |  1.0
Translocations | |  1.0

Action                   |  1- 3 |  4- 6 |  7- 9 | 10-12 | 13-15 || total
-------------------------+-------+-------+-------+-------+-------++-------
Melee: Short sword       |    27 |    49 |       |       |       ||    76
       Tentacles         |     3 |     7 |    27 |    14 |     8 ||    59
       Constrict         |     3 |    12 |    44 |    19 |     2 ||    80
       Spear             |       |    15 |   247 |   235 |    30 ||   527
Throw: Stone             |       |     3 |       |       |       ||     3
 Cast: Magic Dart        |    61 |   168 |   274 |   407 |    20 ||   930
       Blink             |       |     3 |     4 |    12 |     7 ||    26
       Conjure Flame     |       |     4 |    21 |    64 |    15 ||   104
       Mephitic Cloud    |       |     2 |    15 |    40 |     6 ||    63
       Stone Arrow       |       |       |       |     3 |   122 ||   125
       Ignite Poison     |       |       |       |       |     3 ||     3
Evoke: Wand              |       |       |     3 |    16 |     3 ||    22
       Phial of floods   |       |       |       |     1 |       ||     1
  Use: Scroll            |       |     8 |    11 |     7 |    13 ||    39
       Potion            |       |     2 |     2 |     2 |     8 ||    14
 Stab: Sleeping          |       |     3 |    21 |       |       ||    24
       Confused          |       |       |     2 |     7 |       ||     9
  Eat: Chunk             |     3 |    11 |    12 |    27 |     7 ||    60
       Ration            |       |       |     3 |     4 |     2 ||     9
Armor: Skin              |     4 |     5 |    23 |    32 |     7 ||    71
Dodge: Dodged            |    16 |    72 |   133 |   178 |    98 ||   497
Block: Buckler           |       |       |       |       |    20 ||    20

Table legend:
 A = Spawn XP
 B = Non-spawn XP
 C = Spawn XP percentage of total XP
 D = Spawn monster count
 E = Non-spawn monster count
 F = Spawn count percentage of total count
 G = Total turns spent on level
                    A         B        C        D         E        F      G
               +---------+---------+-------+---------+---------+-------+---------
         Total |       0 |   46379 |   0.0 |       0 |     414 |   0.0 | 29925
               +---------+---------+-------+---------+---------+-------+---------
           D:1 |       0 |      44 |   0.0 |       0 |      24 |   0.0 |  1580
           D:2 |       0 |     115 |   0.0 |       0 |      23 |   0.0 |  1477
           D:3 |       0 |     141 |   0.0 |       0 |      30 |   0.0 |  1801
           D:4 |       0 |     467 |   0.0 |       0 |      24 |   0.0 |   880
           D:5 |       0 |     382 |   0.0 |       0 |      17 |   0.0 |   799
           D:6 |       0 |    1178 |   0.0 |       0 |      27 |   0.0 |  1858
           D:7 |       0 |     614 |   0.0 |       0 |      11 |   0.0 |  1416
           D:8 |       0 |    3214 |   0.0 |       0 |      17 |   0.0 |  2344
           D:9 |       0 |    5587 |   0.0 |       0 |      23 |   0.0 |  2276
          D:10 |       0 |    3503 |   0.0 |       0 |      23 |   0.0 |  2338
          D:11 |       0 |     615 |   0.0 |       0 |       8 |   0.0 |   212
        Lair:1 |       0 |    3723 |   0.0 |       0 |      13 |   0.0 |  1396
        Lair:2 |       0 |    1570 |   0.0 |       0 |       7 |   0.0 |  1810
        Lair:3 |       0 |    8203 |   0.0 |       0 |      30 |   0.0 |  2591
        Lair:4 |       0 |    4499 |   0.0 |       0 |      18 |   0.0 |  1598
        Lair:5 |       0 |    6946 |   0.0 |       0 |      24 |   0.0 |  2541
        Lair:6 |       0 |    3412 |   0.0 |       0 |      10 |   0.0 |   425
           Lab |       0 |    1642 |   0.0 |       0 |       2 |   0.0 |   636
         Sewer |       0 |     206 |   0.0 |       0 |      44 |   0.0 |  1020
       Ossuary |       0 |     318 |   0.0 |       0 |      39 |   0.0 |   637
               +---------+---------+-------+---------+---------+-------+---------
